 Dungeon Crawl Stone Soup version 0.22-a0-412-g2b68d14 (webtiles) character file.

47482 Mgcat the Severer (level 14, -10/135 HPs)
             Began as a Minotaur Monk on May 11, 2018.
             Was a High Priest of Qazlal.
             Killed by divine providence
             ... invoked by Saint Roka
              (17 damage)
             ... on level 2 of the Orcish Mines on May 12, 2018.
             The game lasted 00:44:53 (17625 turns).

Mgcat the Severer (Minotaur Monk)                  Turns: 17625, Time: 00:44:54

Health: -10/135    AC: 28    Str: 25    XL:     14   Next: 8%
Magic:  15/21      EV: 10    Int:  7    God:    Qazlal [*****.]
Gold:   1057       SH:  7    Dex: 20    Spells: 13/13 levels left

rFire    . . .     SeeInvis .   X - +0 battleaxe (flame)
rCold    . . .     Gourm    .   (shield currently unavailable)
rNeg     . . .     Faith    +   W - +0 plate armour
rPois    .         Spirit   .   v - +2 hat {MR+}
rElec    .         Reflect  .   r - +2 cloak {MR+}
rCorr    .         Harm     .   S - +2 pair of gloves
MR       +++..                  f - +2 pair of boots
Stlth    ..........             q - amulet of faith {Faith, !P}
HPRegen  0.32/turn              g - +5 ring of dexterity
MPRegen  0.17/turn              G - +6 ring of strength

@: very slightly contaminated, repel missiles
A: retaliatory headbutt, horns 2
a: Upheaval, Elemental Force, Disaster Area, Renounce Religion


You were on level 2 of the Orcish Mines.
You worshipped Qazlal.
Qazlal was extremely pleased with you.
You were not hungry.

You visited 3 branches of the dungeon, and saw 19 of its levels.
You also visited: Labyrinth and Sewer.

You collected 1489 gold pieces.
You spent 432 gold pieces at shops.

Inventory:

Hand Weapons
 t - a +5 war axe
   (You found it on level 3 of the Dungeon)
 X - a +0 battleaxe of flaming (weapon)
   (You took it off an orc warrior on level 2 of the Orcish Mines)
Missiles
 M - 13 curare-tipped needles
Armour
 f - a +2 pair of boots (worn)
   (You found it on level 6 of the Dungeon)
 h - a +0 buckler
   (You found it on level 1 of the Dungeon)
 r - a +2 cloak of magic resistance (worn)
   (You took it off Maurice on level 9 of the Dungeon)
 v - a +2 hat of magic resistance (worn)
   (You took it off Gastronok on level 11 of the Dungeon)
 S - a +2 pair of gloves (worn)
   (You found it on level 2 of the Lair of Beasts)
 W - a +0 plate armour (worn)
   (You took it off a minotaur in a labyrinth)
 Y - the +1 chain mail of the Sun {+Blink rCorr Str-3}
   (You bought it in a shop on level 2 of the Orcish Mines)

   It affects your strength (-3).
   It lets you blink.
   It protects you from acid and corrosion.
Magical Staves
 O - an uncursed staff of poison {rPois}
   (You found it on level 1 of the Lair of Beasts)
Jewellery
 g - a +5 ring of dexterity (left hand)
   (You found it on level 7 of the Dungeon)
 q - an amulet of faith (around neck) {Faith, !P}
   (You found it on level 3 of the Lair of Beasts)
 y - an uncursed ring of wizardry {Wiz+, !d}
   (You found it on level 6 of the Lair of Beasts)
 z - an uncursed ring of protection from fire {rF+, !d}
   (You found it on level 7 of the Dungeon)
 C - an uncursed ring of flight {+Fly, !d}
   (You found it on level 8 of the Dungeon)
 G - a +6 ring of strength (right hand)
   (You found it on level 9 of the Dungeon)
 L - an uncursed ring of protection from fire {rF+, !d}
   (You found it in a labyrinth)
Wands
 a - a wand of digging (33)
   (You found it on level 7 of the Dungeon)
 k - a wand of acid (19)
   (You found it on level 5 of the Dungeon)
 A - a wand of flame (29)
   (You found it on level 8 of the Dungeon)
 D - a wand of paralysis (28)
   (You found it on level 8 of the Dungeon)
 I - a wand of disintegration (40)
   (You took it off Maurice on level 9 of the Dungeon)
 Q - a wand of random effects (46)
   (You found it on level 2 of the Lair of Beasts)
 T - a wand of enslavement (23)
   (You found it on level 5 of the Lair of Beasts)
 V - a wand of iceblast (13)
   (You found it on level 5 of the Lair of Beasts)
Scrolls
 b - 5 scrolls of amnesia
 e - a scroll of blinking {!r}
 o - a scroll of fear
 s - 2 scrolls of noise {unknown}
 u - 14 scrolls of identify
 x - 7 scrolls of remove curse
 B - 3 scrolls of magic mapping {!r}
 E - 7 scrolls of teleportation
 F - 2 scrolls of enchant armour
 N - a scroll of silence {unknown}
 P - a scroll of fog
 R - 3 scrolls of enchant weapon
Potions
 d - 10 potions of curing
 i - a potion of agility
 j - a potion of mutation {!q}
 l - 2 potions of lignification {!q}
 m - a potion of magic
 p - 3 potions of flight
 w - 2 potions of invisibility
 H - 2 potions of brilliance {unknown}
 J - 2 potions of resistance
 U - 2 potions of might {unknown}
Miscellaneous
 K - a lamp of fire
   (You found it on level 10 of the Dungeon)
Comestibles
 c - 39 rations
 n - 29 chunks of flesh {@w0}


   Skills:
 + Level 15.3 Fighting
 + Level 15.3 Axes
 + Level 13.3 Armour
 - Level 3.2 Dodging
 - Level 1.5 Stealth
 - Level 4.0 Shields
 + Level 11.4 Invocations


You had 13 spell levels left.
You didn't know any spells.
Your spell library contained the following spells:

 Spells                   Type           Power        Failure   Level  Hunger
 Magic Dart               Conj           #...         98%         1    ##.....
 Confuse                  Hex            #.......     100%        3    ####...
 Blink                    Tloc           N/A          99%         2    ###....
 Iskenderun's Mystic Bla  Conj           #.......     100%        4    #####..
 Tukima's Dance           Hex            #.......     100%        3    ####...
 Confusing Touch          Hex            #.....       98%         1    ##.....
 Ensorcelled Hibernation  Hex/Ice        #.....       99%         2    ###....
 Metabolic Englaciation   Hex/Ice        #.........   100%        5    ######.
 Corona                   Hex            #......      98%         1    ##.....
 Portal Projectile        Hex/Tloc       #.....       100%        3    ####...
 Petrify                  Tmut/Erth      #.......     100%        4    #####..
 Malign Gateway           Summ/Tloc      #.........   100%        7    #######
 Shroud of Golubria       Chrm/Tloc      #.........   99%         2    ###....
 Fulminant Prism          Conj/Hex       #.........   100%        4    #####..
 Dazzling Spray           Conj/Hex       #.....       100%        3    ####...
 Force Lance              Conj/Tloc      #.......     100%        4    #####..
 Searing Ray              Conj           #.....       99%         2    ###....
 Gell's Gravitas          Tloc           #.........   100%        3    ####...
 Yara's Violent Unravell  Hex/Tmut       #.........   100%        5    ######.


Dungeon Overview and Level Annotations

Branches:
Dungeon (11/15)            Temple (0/1) D:7            Lair (6/6) D:11
  Swamp (0/4) Lair:2        Snake (0/4) Lair:3          Orc (2/2) D:9
    Elf (0/3) Orc:2
  Slime: Lair:5-6

Altars:
Okawaru
Qazlal
Yredelemnul
Beogh

Shops:
D:6 }   D:7 =   Orc:2 *[

Annotations:
Lair:1 exclusion: 2 oklob plants
Lair:5 exclusion: 2 oklob plants
Lair:6 exclusion: oklob plant
Orc:2 Saint Roka


Innate Abilities, Weirdness & Mutations

You reflexively headbutt those who attack you in melee.
You have a pair of horns on your head.


Message History

a whip; a scale mail; a whip; a leather armour You hear a shout!
There is an open gate here.
You hear a shout!
An orc warrior and an orc wizard come into view.
An orc and an orc warrior come into view.
The orc warrior shouts!
You hear a shout!
An orc warrior and Saint Roka come into view.
The orc warrior is wielding a long sword of holy wrath.
An orc warrior and an orc wizard come into view.
The orc wizard shouts!
The orc warrior shouts!
The orc wizard looks satisfied for a moment.
You miss the orc wizard. Your headbutt misses the orc wizard.
Saint Roka roars a battlecry!
The orcs go into a battle-frenzy!
The orc wizard gestures at you while chanting.
The magic dart hits you! You block the orc warrior's attack.
An orc sorcerer comes into view. It is wielding a dagger.
You slice the orc wizard!! You burn the orc wizard.
You kill the orc wizard!
Qazlal accepts your kill.
The orc warrior throws a tomahawk.
The tomahawk hits you. You block the orc warrior's attack.
An orc comes into view.
Saint Roka is engulfed in freezing vapours.
Saint Roka drinks a potion.
Saint Roka seems to speed up.
Things that are here:
a dagger; a robe; an orc corpse You hit Saint Roka.
You burn Saint Roka.
Saint Roka is lightly wounded.
You completely miss the orc warrior. Saint Roka hits you with a long sword.
You hear a shout!
The orc warrior is engulfed in blazing flames.
The orc wizard miscasts a cantrip.
Saint Roka is engulfed in freezing vapours.
Saint Roka hits you with a long sword. You block the orc warrior's attack.
Saint Roka is engulfed in freezing vapours.
Saint Roka is engulfed in freezing vapours.
The orc warrior throws a tomahawk.
The tomahawk is repelled.
The orc warrior hits you from afar with a glaive!
The orc wizard casts a spell.
The orc wizard flickers and vanishes!
Deactivating autopickup; reactivate with Ctrl-A.
Saint Roka hits you with a long sword!
The orc warrior throws a tomahawk.
The tomahawk misses you.
There is an open gate here.
Saint Roka mumbles some strange prayers to Beogh against you.
Beogh smites you!
The orc warrior throws a tomahawk.
The tomahawk misses you.
Things that are here:
an enchanted glaive; a chain mail
Things that are here:
a short sword; a whip; a warg skeleton You block Saint Roka's attack.
Saint Roka mumbles some strange prayers to Beogh against you.
Beogh smites you! Saint Roka hits you but does no damage.
The orc warrior barely misses you.
Saint Roka invokes the aid of Beogh against you.
Beogh smites you!
The orc warrior no longer looks unusually strong.
Saint Roka roars a battlecry!
The orc warrior goes into a battle-frenzy!
Saint Roka mumbles some strange prayers to Beogh against you.
Beogh smites you!
* * * LOW HITPOINT WARNING * * *
Saint Roka roars a battlecry!
The orc warrior no longer looks unusually strong.
Saint Roka roars a battlecry!
The orc warrior goes into a battle-frenzy!
Okay, then.
You can't see any clouds you can empower.
Saint Roka invokes the aid of Beogh against you.
Beogh smites you!
* * * LOW HITPOINT WARNING * * *
Saint Roka mumbles some strange prayers to Beogh against you.
Beogh smites you!
* * * LOW HITPOINT WARNING * * *
Aiming: Upheaval
Press: ? - help, Dir - move target cursor, f - orc warrior
Aim: an orc warrior, wielding a glaive and wearing a shiny plate armour (moderately wounded, unusually strong)
Okay, then.
Unknown command.
Really read
e - 2 scrolls of blinking {!r}?
Blink to where?
Press: ? - help, Dir - move target cursor You are very lightly contaminated with residual magic.
As you read the scroll of blinking {!r}, it crumbles to dust.
Saint Roka roars a battlecry!
You see here 21 gold pieces.
Saint Roka roars a battlecry!
Clouds arounds you coalesce and take form!
Saint Roka calls down the wrath of Beogh upon you.
Beogh smites you!
* * * LOW HITPOINT WARNING * * *
Found a stone staircase leading up.
Saint Roka misses your air elemental.
Your air elemental hits Saint Roka.
Your air elemental hits Saint Roka!
Saint Roka mumbles some strange prayers to Beogh against you.
Beogh smites you!
You die...

##..#.## ...#. ..........
##...o..###..... ..........
#....EE..#...# #.........
.......EEE...# ##.....)..
....##.E..§§.# .'....#..)
... ##..§E...# .#......). #
.......§.§.# #........
.......E..§## #........
..........@§.# #.........
............§..............
.#......§§..............#.#
.......$...............###
...................... #
..................#.# #
.........<..... ..
...............


You could see Saint Roka, a friendly earth elemental, a friendly water
elemental, 2 friendly fire elementals and 4 friendly air elementals.

Vanquished Creatures
  Gastronok (D:11)
  A minotaur (Lab)
  Snorg (Lair:3)
  Josephine (Lair:4)
  Erolcha (D:11)
  2 catoblepae
  2 hydras
  3 death yaks (Lair:6)
  2 two-headed ogres
  Erica (Lair:2)
  A deep troll shaman (Lair:6)
  An orc high priest (Orc:2)
  Sonja (Lair:1)
  2 lindwurms
  An orc knight (Orc:2)
  2 orc sorcerers (Orc:2)
  A cyclops (Orc:1)
  4 elephants (Lair:6)
  Maurice (D:9)
  2 black mambas
  Joseph (Lair:1)
  11 spiny frogs
  5 gargoyles
  2 komodo dragons (Lair:4)
  A rime drake (Lair:4)
  A queen bee (Lair:1)
  3 trolls
  2 polar bears
  A hornet (D:11)
  Grinder (D:4)
  17 blink frogs
  3 hippogriffs
  3 redbacks (Lab)
  2 spriggans
  4 wraiths (Lair:4)
  24 yaks
  3 basilisks
  2 wyverns
  Eustachio (D:5)
  3 hungry ghosts (Lab)
  3 vampire mosquitoes (Lair:2)
  2 wargs (Orc:2)
  3 water moccasins
  10 porcupines
  16 orc warriors
  2 sky beasts
  2 black bears
  2 phantoms
  A necrophage (D:7)
  17 wolves
  10 ogres
  5 centaurs
  8 crocodiles
  A big kobold (D:7)
  16 bullfrogs
  An earth elemental (Lab)
  A scorpion (D:10)
  28 killer bees
  A wyvern skeleton (D:4)
  5 howler monkeys
  2 electric eels (Lair:3)
  4 crimson imps
  6 hounds
  12 orc priests
  12 orc wizards
  An iguana (D:11)
  3 worker ants
  2 hound skeletons
  3 gnolls (D:8)
  A howler monkey skeleton (D:10)
  13 adders
  A river rat (D:5)
  3 shadow imps
  17 oozes (Sewer)
  2 adder zombies
  6 worms
  2 adder skeletons
  2 dart slugs (D:1)
  19 leopard geckos
  68 orcs
  7 bats
  19 giant cockroaches
  2 goblins
  5 hobgoblins
  20 jackals
  5 quokkas
  13 ball pythons
  15 frilled lizards
  A jackal skeleton (D:6)
  15 kobolds
  2 leopard gecko skeletons
  A quokka skeleton (D:5)
  11 rats
  3 fungi
  4 plants
557 creatures vanquished.

Vanquished Creatures (collateral kills)
  2 hydras
2 creatures vanquished.

Vanquished Creatures (others)
  6 fungi
  13 plants
19 creatures vanquished.

Grand Total: 578 creatures vanquished

Notes
Turn   | Place    | Note
-------+----------+-------------------------------------------
     0 | D:1      | Mgcat the Minotaur Monk began the quest for the Orb.
     0 | D:1      | Reached XP level 1. HP: 19/19 MP: 0/0
   143 | D:1      | Reached skill level 4 in Fighting
   143 | D:1      | Reached skill level 4 in Axes
   203 | D:1      | Reached XP level 2. HP: 21/27 MP: 1/1
   996 | D:2      | Reached skill level 1 in Shields
  1009 | D:2      | Reached XP level 3. HP: 29/33 MP: 2/2
  1657 | D:2      | Reached XP level 4. HP: 33/41 MP: 3/3
  1800 | D:3      | Reached skill level 2 in Shields
  2066 | D:3      | Reached skill level 5 in Axes
  2155 | D:3      | Reached skill level 5 in Fighting
  2346 | D:3      | Found a faded altar of an unknown god.
  2368 | D:3      | Became a worshipper of Qazlal Stormbringer
  2368 | D:3      | Reached * piety under Qazlal
  2368 | D:3      | Reached ** piety under Qazlal
  2570 | D:3      | Reached *** piety under Qazlal
  2570 | D:3      | Reached XP level 5. HP: 48/48 MP: 4/4
  2628 | D:3      | Found a stormy altar of Qazlal.
  2725 | D:4      | Reached skill level 3 in Shields
  3038 | D:4      | Noticed a sky beast
  3048 | D:4      | Killed a sky beast
  3048 | D:4      | Reached XP level 6. HP: 31/57 MP: 5/5
  3134 | D:4      | Noticed Grinder
  3151 | D:4      | Reached skill level 4 in Shields
  3164 | D:4      | Reached skill level 6 in Fighting
  3164 | D:4      | Reached skill level 6 in Axes
  3167 | D:4      | HP: 10/57 [Grinder (6)]
  3169 | D:4      | Killed Grinder
  3169 | D:4      | Reached XP level 7. HP: 19/64 MP: 6/6
  3426 | D:4      | Reached skill level 7 in Axes
  3752 | D:5      | Entered Level 5 of the Dungeon
  3815 | D:5      | Reached skill level 7 in Fighting
  3851 | D:5      | Found a glowing drain.
  3855 | Sewer    | Entered a sewer
  3957 | Sewer    | Reached **** piety under Qazlal
  4353 | D:5      | Reached skill level 8 in Axes
  4367 | D:5      | Reached skill level 8 in Fighting
  4367 | D:5      | Reached XP level 8. HP: 74/74 MP: 7/7
  4392 | D:5      | Noticed Eustachio
  4401 | D:5      | Killed Eustachio
  4732 | D:6      | Found a basalt altar of Yredelemnul.
  4755 | D:6      | Reached skill level 1 in Armour
  4759 | D:6      | Reached skill level 1 in Invocations
  4767 | D:6      | Reached ***** piety under Qazlal
  4903 | D:6      | Reached skill level 9 in Fighting
  4903 | D:6      | Reached skill level 9 in Axes
  4903 | D:6      | Reached skill level 2 in Armour
  4951 | D:6      | Found Esecve's Gadget Shoppe.
  5166 | D:7      | Reached skill level 2 in Invocations
  5217 | D:7      | Reached skill level 3 in Armour
  5338 | D:7      | Found Diricva Qehi's Jewellery Shoppe.
  5362 | D:7      | Reached XP level 9. HP: 63/84 MP: 10/10
  5364 | D:7      | Reached skill level 3 in Invocations
  5397 | D:7      | Bought a cursed ring of loudness for 63 gold pieces
  5397 | D:7      | Bought a cursed amulet of inaccuracy for 28 gold pieces
  5397 | D:7      | Bought a cursed -2 ring of evasion for 28 gold pieces
  5397 | D:7      | Bought a cursed -3 ring of protection for 28 gold pieces
  5426 | D:7      | Reached skill level 4 in Armour
  5482 | D:7      | Found a staircase to the Ecumenical Temple.
  6095 | D:8      | Reached skill level 4 in Invocations
  6123 | D:8      | Reached skill level 10 in Axes
  6666 | D:9      | Reached skill level 10 in Fighting
  6666 | D:9      | Reached skill level 5 in Armour
  6673 | D:9      | Noticed a two-headed ogre
  6683 | D:9      | Killed a two-headed ogre
  6684 | D:9      | Noticed a troll
  6688 | D:9      | Killed a troll
  6688 | D:9      | Reached skill level 6 in Armour
  6688 | D:9      | Reached skill level 5 in Invocations
  6743 | D:9      | Reached XP level 10. HP: 79/94 MP: 12/12
  7099 | D:9      | Found a staircase to the Orcish Mines.
  7464 | D:10     | Entered Level 10 of the Dungeon
  7553 | D:10     | Noticed Maurice
  7569 | D:9      | Killed Maurice
  7569 | D:9      | Reached skill level 11 in Fighting
  7569 | D:9      | Reached skill level 11 in Axes
  7569 | D:9      | Reached skill level 7 in Armour
  7838 | D:10     | Reached skill level 6 in Invocations
  8004 | D:10     | Found a roughly hewn altar of Beogh.
  8029 | D:10     | Got a distressingly furry ring mail
  8051 | D:10     | Identified the +1 ring mail of Larue {*Corrode MR+ Stlth+} (You found it on level 10 of the Dungeon)
  8425 | D:11     | Noticed a gargoyle
  8428 | D:11     | Noticed a two-headed ogre
  8429 | D:11     | Noticed Gastronok
  8432 | D:11     | Killed a gargoyle
  8436 | D:11     | HP: 13/96 [two-headed ogre/giant club (20)]
  8438 | D:11     | Noticed Erolcha
  8442 | D:11     | HP: 23/96 [Erolcha/fireball (18)]
  8726 | D:11     | Killed a two-headed ogre
  8737 | D:11     | Killed Erolcha
  8737 | D:11     | Reached skill level 8 in Armour
  8749 | D:11     | Killed Gastronok
  8749 | D:11     | Reached skill level 7 in Invocations
  8749 | D:11     | Reached XP level 11. HP: 55/104 MP: 15/15
  8892 | D:11     | Reached skill level 12 in Fighting
  8892 | D:11     | Reached skill level 12 in Axes
  9143 | D:11     | Reached ****** piety under Qazlal
  9224 | D:11     | Reached skill level 9 in Armour
  9494 | D:11     | Found a staircase to the Lair.
  9607 | Lair:1   | Entered Level 1 of the Lair of Beasts
  9626 | Lair:1   | Noticed Joseph
  9636 | Lair:1   | Killed Joseph
  9710 | Lair:1   | Noticed Sonja
  9716 | Lair:1   | Killed Sonja
  9716 | Lair:1   | Reached skill level 8 in Invocations
  9727 | Lair:1   | HP: 26/105 [poisoned by Sonja]
  9733 | Lair:1   | HP: 22/105 [poisoned by Sonja]
  9738 | Lair:1   | HP: 21/105 [poisoned by Sonja]
  9743 | Lair:1   | HP: 20/105 [poisoned by Sonja]
  9750 | Lair:1   | HP: 20/105 [poisoned by Sonja]
  9758 | Lair:1   | HP: 20/105 [poisoned by Sonja]
 10409 | Lair:1   | Noticed an oklob plant
 10411 | Lair:1   | Noticed an oklob plant
 10575 | Lair:1   | Reached skill level 10 in Armour
 10751 | Lair:2   | Reached XP level 12. HP: 92/113 MP: 17/17
 10754 | Lair:2   | Noticed Erica
 10760 | Lair:2   | Killed Erica
 10760 | Lair:2   | Reached skill level 13 in Fighting
 10760 | Lair:2   | Reached skill level 13 in Axes
 11280 | Lair:2   | Found a staircase to the Swamp.
 11551 | Lair:3   | Noticed an eight-headed hydra
 11554 | Lair:3   | Killed an eight-headed hydra
 11554 | Lair:3   | Reached skill level 9 in Invocations
 11599 | Lair:3   | Noticed Snorg
 11614 | Lair:3   | HP: 19/115 [Snorg (16)]
 11616 | Lair:3   | Killed Snorg
 11616 | Lair:3   | Reached skill level 11 in Armour
 12227 | Lair:3   | Found a staircase to the Snake Pit.
 12642 | Lair:4   | Noticed a five-headed hydra
 12646 | Lair:4   | Killed a five-headed hydra
 12796 | Lair:4   | Noticed a six-headed hydra
 12798 | Lair:4   | Noticed a catoblepas
 12803 | Lair:4   | Killed a seven-headed hydra
 12803 | Lair:4   | Killed a catoblepas
 12810 | Lair:4   | Reached skill level 10 in Invocations
 12819 | Lair:4   | Reached skill level 14 in Fighting
 12819 | Lair:4   | Reached skill level 14 in Axes
 13007 | Lair:4   | Reached XP level 13. HP: 91/124 MP: 19/19
 13034 | Lair:4   | Noticed Josephine
 13039 | Lair:4   | Killed Josephine
 13838 | Lair:5   | Reached skill level 12 in Armour
 14436 | Lair:5   | Upgraded the game from 0.22-a0-410-g97be04f to 0.22-a0-412-g2b68d14
 14452 | Lair:6   | Entered Level 6 of the Lair of Beasts
 14452 | Lair:6   | Found a labyrinth entrance.
 14540 | Lab      | Entered a labyrinth
 15016 | Lab      | Noticed a minotaur
 15026 | Lab      | Killed a minotaur
 15035 | Lab      | Got a faintly humming leather armour
 15040 | Lab      | Identified Lom Jami's Guide on the Traveller
 15041 | Lab      | Got a shimmering short sword
 15063 | Lab      | Identified the +1 leather armour "Jamnocw" {+Fly} (You found it in a labyrinth)
 15346 | Lair:6   | Found an iron altar of Okawaru.
 15773 | Lair:6   | Reached skill level 11 in Invocations
 15798 | Lair:6   | Reached skill level 15 in Axes
 15799 | Lair:6   | Reached skill level 15 in Fighting
 15815 | Lair:6   | Reached skill level 13 in Armour
 15978 | Lair:6   | Found the macabre finger necklace {rN+}
 16482 | D:10     | Identified the +2 short sword of Hubris {pierce, *Slow rElec rC+ Dex+8} (You found it in a labyrinth)
 16533 | Orc:1    | Entered Level 1 of the Orcish Mines
 16840 | Orc:2    | Entered Level 2 of the Orcish Mines
 16840 | Orc:2    | Found a staircase to the Elven Halls.
 17103 | Orc:2    | Reached XP level 14. HP: 131/135 MP: 21/21
 17107 | Orc:2    | Found a roughly hewn altar of Beogh.
 17109 | Orc:2    | Found Biequr Kaig's Antique Armour Shoppe.
 17173 | Orc:2    | Bought a black opal-studded chain mail for 285 gold pieces
 17188 | Orc:2    | Identified the cursed +1 chain mail of the Sun {+Blink rCorr Str-3} (You bought it in a shop on level 2 of the Orcish Mines)
 17400 | Orc:2    | Found a roughly hewn altar of Beogh.
 17411 | Orc:2    | Found a roughly hewn altar of Beogh.
 17429 | Orc:2    | Found Odehaekk's Assorted Antiques.
 17589 | Orc:2    | Noticed Saint Roka
 17615 | Orc:2    | HP: 25/135 [Saint Roka/divine providence (16)]
 17623 | Orc:2    | HP: 6/135 [Saint Roka/divine providence (10)]
 17625 | Orc:2    | Killed from afar by Saint Roka

Vault maps used:
D:1:      evilmike_arrival_crescent, serial_forest, infiniplex_forest_end_1,
          infiniplex_forest_clump_tiny, infiniplex_forest_diagonal,
          infiniplex_forest_3_way, infiniplex_forest_end_3,
          infiniplex_forest_lined_corner, infiniplex_forest_straight_4
D:2:      grunt_decor_fettered
D:3:      nicolae_overflow_hidden_temple, chequers_ecumenical_altar_simple
D:4:      first_ration, uniq_grinder
D:5:      gup_sewer_entry_spiral, uniq_eustachio
D:6:      serial_shops, shop, basic_altar
D:7:      minmay_temple_entry_glass, serial_shops, shop
D:9:      orc_0_dummy, grunt_pizzeria
D:10:     interstate_on_off, minmay_lizard_king, uniq_maurice
D:11:     grunt_lair_entry_orc_guard_hut, uniq_erolcha, uniq_gastronok
Lair:1:   special_room, hangedman_lair_unloving_vines,
          minmay_lair_oklob_chamber, lemuel_fruit_tree,
          infiniplex_staircase_pool, uniq_joseph, uniq_sonja
Lair:2:   minmay_swamp_entry_swarm, serial_bayou_shore_b, uniq_erica
Lair:3:   dummy_snake_entry, eino_small_chamber_without_monster,
          disabler_island, infiniplex_staircase_pool_2, uniq_snorg
Lair:4:   uniq_josephine
Lair:5:   minmay_slime_entry_oklob_enclosed, grunt_forest_stairs_clearing
Lair:6:   grunt_lair_end_beastmaster, lab_entry_generic, lemuel_oklob_altar
Orc:2:    grunt_orc_community_town_hall, grunt_orc_community_big_house_1,
          grunt_orc_community_big_house_2, grunt_orc_community_house_3,
          grunt_orc_community_house_2, grunt_orc_community_house_3,
          grunt_orc_community_house_1
Lab:      nicolae_lab_dead_adventurers, nicolae_lab_garden, nicolae_lab_do_over,
          nicolae_lab_quarters, nicolae_lab_checkerboard,
          nicolae_lab_very_dead_end, nicolae_lab_grate, nicolae_lab_diamond,
          nicolae_lab_t_cross, labyrinth_glass_1, lab_statue, nicolae_lab_plus
Sewer:    sewer_frog_island_02

Skill      XL: |  1  2  3  4  5  6  7  8  9 10 11 12 13 |
---------------+----------------------------------------+-----
Fighting       | 4 5 6 8 9 10 11 12 14 15 | 15.3
Axes           | 4 5 6 8 9 10 11 12 14 15 | 15.3
Shields        | 1 2 3 4 |  4.0
Armour         | 3 6 8 10 11 13 | 13.3
Invocations    | 2 5 7 8 10 11 | 11.4
Dodging        | |  3.2
Stealth        | |  1.5

Action                   |  1- 3 |  4- 6 |  7- 9 | 10-12 | 13-15 || total
-------------------------+-------+-------+-------+-------+-------++-------
Melee: Hand axe          |   137 |    60 |       |       |       ||   197
       Headbutt          |    17 |    19 |    57 |   117 |   123 ||   333
       War axe           |       |    44 |   321 |   427 |   308 ||  1100
       Battleaxe         |       |       |       |       |    87 ||    87
Invok: Upheaval          |       |       |       |     9 |     5 ||    14
       Elemental Force   |       |       |       |     1 |     2 ||     3
       Disaster Area     |       |       |       |       |     1 ||     1
Evoke: Wand              |       |       |     1 |       |       ||     1
  Use: Potion            |       |     1 |       |     2 |       ||     3
       Scroll            |       |       |    19 |     9 |     3 ||    31
 Stab: Sleeping          |     2 |       |       |       |       ||     2
       Petrified         |       |       |       |       |     4 ||     4
  Eat: Chunk             |     2 |     5 |    13 |    13 |    13 ||    46
       Ration            |       |       |       |     2 |     1 ||     3
Armor: Ring mail         |    44 |    18 |    43 |       |       ||   105
       Robe              |     2 |       |       |       |       ||     2
       Chain mail        |       |       |    27 |   141 |    24 ||   192
       Plate armour      |       |       |       |       |    80 ||    80
Dodge: Dodged            |    74 |    49 |   103 |   109 |   109 ||   444
       Deflected         |       |       |     5 |     2 |     6 ||    13
Block: Buckler           |    15 |    31 |   195 |   274 |   145 ||   660
       Other             |       |       |       |       |    20 ||    20

Table legend:
 A = Spawn XP
 B = Non-spawn XP
 C = Spawn XP percentage of total XP
 D = Spawn monster count
 E = Non-spawn monster count
 F = Spawn count percentage of total count
 G = Total turns spent on level
                    A         B        C        D         E        F      G
               +---------+---------+-------+---------+---------+-------+---------
         Total |       0 |   67832 |   0.0 |       0 |     552 |   0.0 | 17625
               +---------+---------+-------+---------+---------+-------+---------
           D:1 |       0 |      35 |   0.0 |       0 |      17 |   0.0 |   975
           D:2 |       0 |      66 |   0.0 |       0 |      23 |   0.0 |  1014
           D:3 |       0 |      96 |   0.0 |       0 |      22 |   0.0 |   721
           D:4 |       0 |     708 |   0.0 |       0 |      14 |   0.0 |  1071
           D:5 |       0 |     397 |   0.0 |       0 |      16 |   0.0 |   515
           D:6 |       0 |     470 |   0.0 |       0 |      18 |   0.0 |   406
           D:7 |       0 |    1207 |   0.0 |       0 |      19 |   0.0 |   629
           D:8 |       0 |     658 |   0.0 |       0 |      29 |   0.0 |   889
           D:9 |       0 |    2188 |   0.0 |       0 |       9 |   0.0 |   998
          D:10 |       0 |    2033 |   0.0 |       0 |      51 |   0.0 |  1152
          D:11 |       0 |    6780 |   0.0 |       0 |      24 |   0.0 |  1235
        Lair:1 |       0 |    5703 |   0.0 |       0 |      40 |   0.0 |   804
        Lair:2 |       0 |    3762 |   0.0 |       0 |      17 |   0.0 |  1099
        Lair:3 |       0 |    5770 |   0.0 |       0 |      22 |   0.0 |   874
        Lair:4 |       0 |   10523 |   0.0 |       0 |      31 |   0.0 |  1241
        Lair:5 |       0 |    2421 |   0.0 |       0 |      11 |   0.0 |   652
        Lair:6 |       0 |   13755 |   0.0 |       0 |      38 |   0.0 |  1260
         Orc:1 |       0 |     799 |   0.0 |       0 |       9 |   0.0 |   307
         Orc:2 |       0 |    5835 |   0.0 |       0 |      67 |   0.0 |   785
           Lab |       0 |    4213 |   0.0 |       0 |      12 |   0.0 |   558
         Sewer |       0 |     413 |   0.0 |       0 |      63 |   0.0 |   440
               +---------+---------+-------+---------+---------+-------+---------

Vault maps used:
D:1:      evilmike_arrival_crescent, serial_forest, infiniplex_forest_end_1,
          infiniplex_forest_clump_tiny, infiniplex_forest_diagonal,
          infiniplex_forest_3_way, infiniplex_forest_end_3,
          infiniplex_forest_lined_corner, infiniplex_forest_straight_4
D:2:      grunt_decor_fettered
D:3:      nicolae_overflow_hidden_temple, chequers_ecumenical_altar_simple
D:4:      first_ration, uniq_grinder
D:5:      gup_sewer_entry_spiral, uniq_eustachio
D:6:      serial_shops, shop, basic_altar
D:7:      minmay_temple_entry_glass, serial_shops, shop
D:9:      orc_0_dummy, grunt_pizzeria
D:10:     interstate_on_off, minmay_lizard_king, uniq_maurice
D:11:     grunt_lair_entry_orc_guard_hut, uniq_erolcha, uniq_gastronok
Lair:1:   special_room, hangedman_lair_unloving_vines,
          minmay_lair_oklob_chamber, lemuel_fruit_tree,
          infiniplex_staircase_pool, uniq_joseph, uniq_sonja
Lair:2:   minmay_swamp_entry_swarm, serial_bayou_shore_b, uniq_erica
Lair:3:   dummy_snake_entry, eino_small_chamber_without_monster,
          disabler_island, infiniplex_staircase_pool_2, uniq_snorg
Lair:4:   uniq_josephine
Lair:5:   minmay_slime_entry_oklob_enclosed, grunt_forest_stairs_clearing
Lair:6:   grunt_lair_end_beastmaster, lab_entry_generic, lemuel_oklob_altar
Orc:2:    grunt_orc_community_town_hall, grunt_orc_community_big_house_1,
          grunt_orc_community_big_house_2, grunt_orc_community_house_3,
          grunt_orc_community_house_2, grunt_orc_community_house_3,
          grunt_orc_community_house_1
Lab:      nicolae_lab_dead_adventurers, nicolae_lab_garden, nicolae_lab_do_over,
          nicolae_lab_quarters, nicolae_lab_checkerboard,
          nicolae_lab_very_dead_end, nicolae_lab_grate, nicolae_lab_diamond,
          nicolae_lab_t_cross, labyrinth_glass_1, lab_statue, nicolae_lab_plus
Sewer:    sewer_frog_island_02

Table legend:
 A = Turns spent in this place as a percentage of turns spent in the entire game.
 B = Non-inter-level travel turns spent in this place as a percentage of non-inter-level travel turns spent in the entire game.
 C = Inter-level travel turns spent in this place as a percentage of turns spent in this place.
 D = Turns resting spent in this place as a percentage of non-inter-level travel turns spent in this place.
 E = Turns spent auto-exploring this place as a percentage of non-inter-level travel turns spent in this place.
 F = Non-inter-level travel turns spent in this place divided by the number of levels of this place that you've seen.
                   A       B       C       D       E      F
               +-------+-------+-------+-------+-------+----------------------
         Total | 100.0 | 100.0 |   6.4 |   3.7 |  73.9 | 785.9
       Dungeon |  54.5 |  54.1 |   7.0 |   3.8 |  78.6 | 812.1
          Lair |  33.6 |  33.6 |   6.5 |   0.8 |  79.7 | 923.7
  Orcish Mines |   6.2 |   6.2 |   5.6 |   0.0 |  54.9 | 515.5
     Labyrinth |   3.2 |   3.4 |   0.0 |  40.5 |   0.0 | 558.0
         Sewer |   2.5 |   2.7 |   0.0 |   0.0 |  44.8 | 440.0
               +-------+-------+-------+-------+-------+----------------------

Table legend:
 A = Kills in this place as a percentage of kills in entire the game.
 B = Kills by you in this place as a percentage of kills by you in the entire game.
 C = Kills by friends in this place as a percentage of kills by friends in the entire game.
 D = Other kills in this place as a percentage of other kills in the entire game.
 E = Experience gained in this place as a percentage of experience gained in the entire game.
 F = Experience gained in this place divided by the number of levels of this place that you have seen.
                   A       B       C       D       E      F
               +-------+-------+-------+-------+-------+----------------------
         Total | 100.0 | 100.0 | 100.0 |   N/A | 100.0 | 3230.1
       Dungeon |  43.8 |  44.0 |   0.0 |   N/A |  21.6 | 1330.7
          Lair |  28.8 |  28.5 | 100.0 |   N/A |  61.8 | 6989.0
  Orcish Mines |  13.8 |  13.8 |   0.0 |   N/A |   9.8 | 3317.0
     Labyrinth |   2.2 |   2.2 |   0.0 |   N/A |   6.2 | 4213.0
         Sewer |  11.4 |  11.5 |   0.0 |   N/A |   0.6 | 413.0
               +-------+-------+-------+-------+-------+----------------------
